 Dungeon Crawl Stone Soup version 0.27-a0-333-gfa571bf19a (webtiles) character file.

Game seed: 4284133745207256126

925 siradein the Ruffian (level 7, -4/52 HPs)
             Began as a White Draconian Transmuter on Feb 12, 2021.
             Killed from afar by an orc wizard (6 damage)
             ... with a magic dart
             ... on level 5 of the Dungeon.
             The game lasted 00:19:32 (5043 turns).

siradein the Ruffian (White Draconian Transmuter)   Turns: 5043, Time: 00:19:33

Health: -4/52      AC:  2    Str: 12    XL:     7   Next: 84%
Magic:  8/10       EV: 19    Int: 16    God:
Gold:   261        SH:  0    Dex: 16    Spells: 0/10 levels left

rFire    + . .     SeeInvis .     - Unarmed
rCold    + . .     Faith    .   (shield currently unavailable)
rNeg     . . .     Spirit   .   (armour unavailable)
rPois    .         Reflect  .   (helmet currently unavailable)
rElec    +         Harm     .   (cloak currently unavailable)
rCorr    +         Rampage  .   (gloves currently unavailable)
Will     .....                  (boots currently unavailable)
Stlth    +.........             (no amulet)
HPRegen  0.17/turn              (no ring)
MPRegen  0.12/turn              (no ring)

@: spider-form (expiring), resistant
A: tiny, (breathe frost), unfitting armour, AC +6
a: End Transformation


You were on level 5 of the Dungeon.
You were a venomous arachnid creature.
You visited 1 branch of the dungeon, and saw 6 of its levels.

You collected 261 gold pieces.

Inventory:

Missiles
 m - 3 silver boomerangs
Armour
 l - a +2 cloak (melded)
 o - a +0 buckler
Jewellery
 f - a ring of fire {unknown}
Wands
 j - a wand of polymorph (3)
Scrolls
 a - a scroll of enchant armour {unknown}
 c - 5 scrolls of identify {unknown}
 e - a scroll of noise {unknown}
 h - a scroll of amnesia {unknown}
 i - 2 scrolls of fear {unknown}
 k - a scroll of random uselessness {unknown}
 n - a scroll of magic mapping {unknown}
Potions
 b - 2 potions of lignification
 g - a potion of invisibility {unknown}


   Skills:
 - Level 1.1 Fighting
 - Level 1.7 Dodging
 + Level 7.0 Unarmed Combat
 - Level 2.0 Spellcasting
 + Level 6.6 Transmutations


You couldn't memorise any spells.
You knew the following spells:

 Your Spells              Type           Power        Failure   Level
a - Beastly Appendage     Tmut           44%          6%          1
b - Wereblood             Tmut           22%          8%          2
c - Spider Form           Tmut/Pois      6%           34%         3
d - Ice Form              Ice/Tmut       12%          67%         4

Your spell library contained the following spells:

 Spells                   Type           Power        Failure   Level
 Blade Hands              Tmut           11%          58%         5


Dungeon Overview and Level Annotations

Branches:
Dungeon (6/15)
 Temple: D:4-7

Altars:
Ashenzari
Cheibriados
Gozag
Hepliaklqana

Annotations:
D:6 3 runed translucent doors


Innate Abilities, Weirdness & Mutations

((You can breathe waves of freezing cold.))
((You can buffet flying creatures when you breathe cold.))
((Your icy white scales are hard. (AC +6)))
You cannot fit into any form of body armour.
((Your flesh is cold resistant. (rC+)))
((You are cold-blooded and may be slowed by cold attacks.))


Message History

You hear some strange, mumbled words.
A magic dart appears from out of thin air!
The magic dart hits you!
You barely miss the centaur.
The centaur is heavily wounded.
The centaur barely misses you.
You hit the centaur.
The centaur is heavily wounded.
The centaur completely misses you. The orc misses you. Something hits you.
You bump into the rock wall.
The centaur hits you!
* * * LOW HITPOINT WARNING * * *
The orc wizard points at you and mumbles some strange words.
The puff of flame hits something!
Reactivating autopickup.
The orc closely misses you. The centaur completely misses you.
You completely miss the centaur.
The centaur is heavily wounded.
You feel less confused. The orc misses you. The centaur hits you.
* * * LOW HITPOINT WARNING * * *
Unknown command.
You bite the centaur!
The centaur is almost dead.
The centaur hits you.
* * * LOW HITPOINT WARNING * * *
The orc closely misses you. The orc misses you.
You hit the centaur.
You kill the centaur!
The orc completely misses you. The orc closely misses you.
Your Unarmed Combat skill increases to level 7!
Your transformation is almost over.
Things that are here:
a +0 shortbow; 15 arrows You bite the orc!
You kill the orc!
It was a potion of resistance.
You feel protected.
The orc wizard points at you and mumbles some strange words.
The magic dart hits you.
You die...

##.#.## ##.#.##
#....#. ##.#.##.
##.#.##
####.##.#_
##.#.##.#.
##.#.###.......#.
#.#.##.#..#
##.#.##.#####.#.
##.#.##.#.)#
##.#.#.# #.##
##.#.##.#..#
##.#..# ##..#
##.#.##.?#.##
##...# #....
##.#.##..#.##
##.## #.###
##.#.##.)#s# ###
#.### ##.#.#o#.##
#####....
##.#.#o##
#........ ##.#.##
#....<... ##.##
#........ ###
#........
###'##... #.##.##
#.##.#


You could see an orc wizard.

Vanquished Creatures
  Grinder (D:3)
  Sigmund (D:4)
  A centaur (D:5)
  A phantom (D:4)
  A bullfrog (D:5)
  A hound (D:4)
  A centaur skeleton (D:5)
  Crazy Yiuf (D:2)
  2 orc wizards (D:3)
  A worker ant (D:4)
  A gnoll (D:1)
  9 adders
  A white imp (D:5)
  An ufetubus (D:4)
  An ooze (D:4)
  An adder zombie (D:4)
  2 worms
  3 dart slugs
  A leopard gecko (D:3)
  9 orcs
  3 giant cockroaches
  11 goblins
  6 hobgoblins
  6 jackals
  6 kobolds
  2 quokkas (D:2)
  2 ball pythons
  7 bats
  5 frilled lizards
  A quokka skeleton (D:4)
  8 rats
97 creatures vanquished.

Vanquished Creatures (others)
  An orc wizard (D:5)
1 creature vanquished.

Grand Total: 98 creatures vanquished

Notes
Turn   | Place    | Note
-------+----------+-------------------------------------------
     0 | D:1      | siradein the Draconian Transmuter began the quest for the
                  | Orb.
     0 | D:1      | Reached XP level 1. HP: 16/16 MP: 3/3
    67 | D:1      | Reached XP level 2. HP: 23/23 MP: 5/5
   328 | D:1      | Reached XP level 3. HP: 28/28 MP: 4/6
   475 | D:1      | Learned a level 2 spell: Wereblood
   479 | D:1      | Learned a level 3 spell: Spider Form
   956 | D:2      | Found a broken altar of Ashenzari.
   956 | D:2      | Found a hazy altar of Hepliaklqana.
  1193 | D:2      | Reached skill level 4 in Unarmed Combat
  1519 | D:2      | Found a broken altar of Ashenzari.
  1534 | D:2      | Reached XP level 4. HP: 34/35 MP: 4/7
  1672 | D:2      | HP: 1/35 [poisoned by a goblin]
  2203 | D:2      | Found a runed translucent door.
  2204 | D:2      | Noticed Crazy Yiuf
  2535 | D:2      | Killed Crazy Yiuf
  2641 | D:3      | You fall into a shaft and drop 3 floors!
  2641 | D:6      | Found a runed translucent gate.
  2641 | D:6      | Found a runed translucent gate.
  2641 | D:6      | Found a runed translucent gate.
  2668 | D:6      | Found an opulent altar of Gozag.
  2668 | D:6      | Noticed a sky beast
  2675 | D:6      | Noticed a bullfrog
  2679 | D:5      | Entered Level 5 of the Dungeon
  2686 | D:5      | Killed a bullfrog
  2687 | D:5      | Reached XP level 5. HP: 37/40 MP: 6/8
  2921 | D:3      | Noticed Grinder
  2949 | D:3      | Killed Grinder
  2950 | D:3      | Reached skill level 5 in Unarmed Combat
  2950 | D:3      | Reached skill level 5 in Transmutations
  2950 | D:3      | Reached XP level 6. HP: 5/47 MP: 7/9
  3883 | D:4      | Reached skill level 6 in Unarmed Combat
  3883 | D:4      | Your scales start taking on an icy white colour.
  3883 | D:4      | Reached XP level 7. HP: 40/52 MP: 10/10
  3883 | D:4      | Gained mutation: Your flesh is cold resistant. (rC+) [White
                  | Draconian growth]
  4004 | D:4      | Noticed Sigmund
  4036 | D:4      | Killed Sigmund
  4804 | D:4      | Learned a level 4 spell: Ice Form
  4926 | D:5      | Found a snail-covered altar of Cheibriados.
  5039 | D:5      | HP: 1/52 [centaur (6)]
  5041 | D:5      | Reached skill level 7 in Unarmed Combat
  5043 | D:5      | Killed from afar by an orc wizard

Illustrated notes

Levels and vault maps discovered:
D:1:      psy_arrival_basics, layout_basic, minmay_misc_feat_rows
D:2:      layout_basic, grunt_temple_overflow_open, corner_web_ring,
          evilmike_ruin_ashenzari, uniq_crazy_yiuf_cottage
D:3:      layout_rooms, uniq_grinder
D:4:      layout_rooms, minmay_misc_feat_encased, uniq_sigmund
D:5:      minmay_inner_zag, layout_basic, slow_altar_2,
          minmay_temple_entry_purple_smoke, st_stairs_3
D:6:      layout_gridville, ebering_ghost_gozag, uniq_eustachio, uniq_menkaure

Skill      XL: |  1  2  3  4  5  6  7 |
---------------+----------------------+-----
Transmutations | 3 4 5 6 |  6.6
Unarmed Combat | 4 5 6 7 |  7.0
Fighting       | |  1.1
Dodging        | |  1.7
Spellcasting   | |  2.0

Action                   |  1- 3 |  4- 6 |  7- 9 || total
-------------------------+-------+-------+-------++-------
Melee: Unarmed           |   105 |   144 |    60 ||   309
       Kick              |    19 |    15 |     4 ||    38
       Punch             |     2 |     1 |     2 ||     5
       Headbutt          |    13 |    14 |     2 ||    29
       Tailslap          |     9 |    10 |     3 ||    22
 Cast: Beastly Appendage |    23 |    18 |    10 ||    51
       Spider Form       |       |     2 |     1 ||     3
 Abil: Breathe Frost     |       |       |     8 ||     8
       End Transformatio |       |       |     1 ||     1
  Use: Potion            |       |       |     5 ||     5
 Stab: Sleeping          |       |     1 |       ||     1
Armor: Skin              |    26 |    67 |    26 ||   119
Dodge: Dodged            |    75 |   108 |    65 ||   248

Table legend: (Time is in decaauts)
 A = Elapsed time spent in this place.
 B = Non-inter-level travel time spent in this place.
 C = Inter-level travel time spent in this place.
 D = Time resting spent in this place.
 E = Time spent auto-exploring this place.
 F = Levels seen in this place.
 G = Mean time per level.
                   A        B        C        D        E       F      G
               +--------+--------+--------+--------+--------+-----+--------+
         Total |   4998 |   4938 |     60 |    621 |   3409 |   6 |  833.0 |
       Dungeon |   4998 |   4938 |     60 |    621 |   3409 |   6 |  833.0 |
               +--------+--------+--------+--------+--------+-----+--------+

Top non-repeatable levels by time:
     D:2: 1986 daAuts
     D:4: 1087 daAuts
     D:1: 951 daAuts
     D:3: 639 daAuts
     D:5: 296 daAuts
     D:6: 37 daAuts
